Jets vs Avalanche

Created - April-21-13 at 10:29

Goals
1 2 3 OT1 OT2 T
Jets 1 1 1 0 1 4
Avalanche 2 1 0 0 0 3
Shots
1 2 3 OT1 OT2 T
Jets 7 5 9 9 2 32
Avalanche 13 10 8 7 3 41

1st period

1. Avalanche , Kyle Turris 1 (Marcus Johansson, Teemu Selanne) at 1:27
2. Jets , Henrik Sedin 3 (Jamie Benn, Mark Giordano) at 3:22
3. Avalanche , Marian Hossa 2 (Derek Stepan, Michael Del Zotto) at 15:54 (PP)

Penalties :
Derek MacKenzie (WPG) for Goalie Interference (Minor) at 6:41, Tim Thomas (WPG) for Delaying the game (Minor) at 9:54 - Mark Giordano served the penalty., Brayden McNabb (COL) for Fighting (Major) at 14:44, Ron Hainsey (WPG) for Fighting (Major) at 14:44, Erik Cole (WPG) for Hooking (Minor) at 15:24, Derek Stepan (COL) for Elbowing (Minor) at 16:37, James Wisniewski (WPG) for Hooking (Minor) at 19:02

2nd period

4. Avalanche , Teemu Selanne 1 (Michael Del Zotto, Kyle Turris) at 5:35 (PP)
5. Jets , Martin Erat 2 (Erik Cole, Jordan Staal) at 12:09

Penalties :
Jordan Staal (WPG) for Roughing (Minor) at 4:27, Jason Garrison (WPG) for Tripping (Minor) at 4:50, Chris Stewart (COL) for Hooking (Minor) at 17:12, Johnny Oduya (WPG) for High sticking (Minor) at 17:12

3rd period

6. Jets , Matt Moulson 2 (Jamie Benn, Jason Garrison) at 6:45

Penalties :
Jamie Benn (WPG) for Hooking (Minor) at 0:10, Jamie Benn (WPG) for Hooking (Minor) at 10:14, Ryan White (COL) for Tripping (Minor) at 12:41, Marcus Johansson (COL) for Tripping (Minor) at 16:47, Jason Garrison (WPG) for Tripping (Minor) at 16:47

Overtime #1

No Goal

Penalties :
Erik Cole (WPG) for Cross-checking (Minor) at 0:29, Jamie Benn (WPG) for Goalie Interference (Minor) at 5:10

Overtime #2

7. Jets , Dave Bolland 1 (Jason Garrison, James Wisniewski) at 7:33

Penalties :
Jason Garrison (WPG) for Hooking (Minor) at 1:42

Goalie Stats

Tim Thomas (WPG), 38 saves from 41 shots - (0.927), W, 3-0-0, 87:34 minutes
Antti Niemi (COL), 28 saves from 32 shots - (0.875), OTL, 0-2-1, 87:34 minutes

Players Stats for Jets

Player Name              G  A  P  +/- PIM S  H  SB GA TA FO     MP     PP MP  PK MP  
------------------------------------------------------------------------------------
Carlo Colaiacovo         0  0  0   1  0   0  3  2  0  0  0/0    26:35   0:38   1:16 
Dave Bolland             1  0  1   1  0   2  0  0  0  0  9/19   17:21   0:00   5:36 
Derek MacKenzie          0  0  0   1  2   0  4  0  0  0  0/1    12:36   0:00   0:04 
Erik Cole                0  1  1   1  4   5  2  0  0  0  0/2    23:31   1:09   0:00 
Henrik Sedin             1  0  1   1  0   6  0  0  0  0  17/29  26:47   0:50   0:00 
James Wisniewski         0  1  1   2  2   1  4  0  0  0  0/0    28:05   1:09   2:53 
Jamie Benn               0  2  2   1  6   1  6  0  0  0  0/0    23:36   0:50   0:00 
Jason Garrison           0  2  2   2  6   0  5  3  0  0  0/0    32:03   0:50   8:32 
Johnny Oduya             0  0  0   0  2   0  4  0  0  0  0/0    23:28   0:12   7:55 
Jordan Staal             0  1  1   1  2   5  3  0  0  0  33/50  34:42   0:35  11:42 
Mark Fistric             0  0  0   0  0   0  0  0  0  0  0/0     6:39   0:00   0:06 
Mark Giordano            0  1  1   1  0   0  1  2  0  0  0/0    31:00   1:09   6:58 
Martin Erat              1  0  1   1  0   2  1  0  0  0  3/3    23:37   1:09   0:00 
Matt Cooke               0  0  0   0  0   1  1  0  0  0  3/4    18:33   0:00  12:38 
Matt Cullen              0  0  0   0  0   0  0  0  0  0  3/7     7:21   0:00   1:26 
Matt Moulson             1  0  1   1  0   6  0  1  0  0  0/0    26:47   0:50   0:00 
Pascal Dupuis            0  0  0   1  0   2  0  0  0  0  2/3    24:17   0:34   5:17 
Ron Hainsey              0  0  0   0  5   1  3  3  0  0  0/0    27:12   0:00   9:47 

Players Stats for Avalanche

Player Name              G  A  P  +/- PIM S  H  SB GA TA FO     MP     PP MP  PK MP  
------------------------------------------------------------------------------------
Brayden McNabb           0  0  0  -1  5   2  4  3  0  0  0/0    25:41   3:09   0:56 
Brayden Schenn           0  0  0   0  0   2  2  0  0  0  0/0    17:19   0:00   1:02 
Chris Stewart            0  0  0   0  2   0  1  0  0  0  1/2    15:12   0:57   0:00 
Cody Hodgson             0  0  0   0  0   3  0  0  0  0  6/23   22:03   0:00   0:00 
Derek Stepan             0  1  1  -1  2   2  4  2  0  0  20/46  35:07  10:01   1:11 
John Carlson             0  0  0  -2  0   2  1  1  0  0  0/0    37:07   8:48   0:56 
Justin Abdelkader        0  0  0   0  0   0  0  0  0  0  0/0     0:48   0:00   0:48 
Kevin Shattenkirk        0  0  0   0  0   0  0  1  0  0  0/0    19:58   5:39   0:55 
Kyle Turris              1  1  2  -2  0   5  2  0  0  0  15/34  28:11   8:43   0:00 
Marcus Johansson         0  1  1  -2  2   2  3  0  0  0  0/3    27:30   9:04   0:00 
Marian Hossa             1  0  1  -1  0   4  1  1  0  0  1/2    34:22  10:01   0:57 
Matt Gilroy              0  0  0  -2  0   3  3  1  0  0  0/0    31:54   9:56   0:00 
Matt Halischuk           0  0  0   0  0   1  0  0  0  0  0/0     7:48   0:00   0:00 
Michael Del Zotto        0  2  2   0  0   9  4  1  0  0  0/0    37:12   9:56   1:03 
Milan Jurcina            0  0  0  -1  0   0  4  1  0  0  0/0    21:14   0:00   0:08 
Petr Sykora              0  0  0  -1  0   0  1  0  0  0  0/2    31:05   8:43   0:00 
Ryan White               0  0  0   0  2   2  1  0  0  0  1/1     7:47   0:00   0:00 
Teemu Selanne            1  1  2  -2  0   4  1  0  0  0  4/5    31:30   8:43   0:00 

3 Stars

1 - Michael Del Zotto (COL)
2 - Martin Erat (WPG)
3 - Matt Moulson (WPG)

Power Play

Jets - 0 on 2 Attempt(s) - 0.00%
Avalanche - 2 on 11 Attempt(s) - 18.18%

Penalty Kill

Jets - 9 on 11 Attempt(s) - 81.82% - Score 0 goal in Penalty Kill
Avalanche - 2 on 2 Attempt(s) - 100.00% - Score 0 goal in Penalty Kill

Official

Referees : Justin StPierre and Kyle Rehman
Linesman : Dan Schachte and David Brisebois

Game Notes

Ron Hainsey beats up Brayden McNabb at 14:44 of 1st period
Kevin Shattenkirk is injured at 15:59 of 3rd period (Upper Body)

Finance

Level 1 -- Attendance: 6313 (97.12%) -- Ticket Income $643,926
Level 2 -- Attendance: 5000 (100.00%) -- Ticket Income $375,000
Level 3 -- Attendance: 3500 (100.00%) -- Ticket Income $192,500
Level 4 -- Attendance: 2007 (100.00%) -- Ticket Income $90,315
Luxury Box -- Attendance: 1000 (100.00%) -- Ticket Income $200,000
Game was played at the Pepsi Center
Total Attendance: 17820 (98.96%)
Total Ticket Income: $1,501,741
Other Income: $225,261
Total Income: $1,727,002


% Time on Ice - Jets

Lines # - Real PCT - Wanted PCT - Time Play
Normal Forward
1 - 36% - 37% - 22:24
2 - 36% - 36% - 22:49
3 - 19% - 17% - 11:45
4 - 9% - 10% - 5:55
Normal Defense
1 - 34% - 35% - 21:30
2 - 32% - 35% - 20:25
3 - 23% - 23% - 14:25
4 - 10% - 7% - 6:33
PP Forward
1 - 42% - 60% - 0:50
2 - 58% - 40% - 1:09
PP Defense
1 - 58% - 63% - 1:09
2 - 42% - 37% - 0:50
PK Forward
1 - 71% - 60% - 12:42
2 - 29% - 40% - 5:17
PK Defense
1 - 59% - 60% - 10:41
2 - 41% - 40% - 7:18
PK3 Forward
1 - 100% - 60% - 0:45
2 - 0% - 40% - 0:00
PK3 Defense
1 - 58% - 60% - 0:26
2 - 42% - 40% - 0:19
44 Forward
1 - 98% - 60% - 3:54
2 - 2% - 40% - 0:04
44 Defense
1 - 65% - 60% - 2:34
2 - 35% - 40% - 1:24
Last Minute Offensive  - 0:00
Last Minute Defensive  - 0:00
Total
Forward - 87:34
Defense - 87:34

% Time on Ice - Avalanche

Lines # - Real PCT - Wanted PCT - Time Play
Normal Forward
1 - 36% - 40% - 22:22
2 - 29% - 35% - 18:27
3 - 23% - 20% - 14:16
4 - 12% - 5% - 7:48
Normal Defense
1 - 44% - 36% - 27:37
2 - 29% - 34% - 18:08
3 - 26% - 20% - 16:16
4 - 1% - 10% - 0:52
PP Forward
1 - 53% - 52% - 10:01
2 - 47% - 48% - 8:43
PP Defense
1 - 53% - 55% - 9:56
2 - 47% - 45% - 8:48
PK Forward
1 - 100% - 55% - 1:59
2 - 0% - 45% - 0:00
PK Defense
1 - 53% - 55% - 1:03
2 - 47% - 45% - 0:56
PK3 Forward
1 - 0% - 50%
2 - 0% - 50%
PK3 Defense
1 - 0% - 50%
2 - 0% - 50%
44 Forward
1 - 74% - 55% - 2:57
2 - 26% - 45% - 1:01
44 Defense
1 - 24% - 55% - 0:58
2 - 76% - 45% - 3:00
Last Minute Offensive  - 0:00
Last Minute Defensive  - 0:00
Total
Forward - 87:34
Defense - 87:34

Play by Play

1st period


0:01 of 1st period - Derek Stepan wins face-off versus Jordan Staal in neutral zone.
0:37 of 1st period - Jason Garrison is hit by Michael Del Zotto and loses puck.
0:59 of 1st period - Off-side.
1:00 of 1st period - Henrik Sedin wins face-off versus Kyle Turris in neutral zone.
1:23 of 1st period - Shot by Teemu Selanne.
1:23 of 1st period - Shot Misses the Net.
1:25 of 1st period - Shot by Teemu Selanne.
1:25 of 1st period - Deflect By Marcus Johansson.
1:25 of 1st period - Shot Misses the Net.
1:27 of 1st period - Shot by Kyle Turris.
1:27 of 1st period - Goal by Kyle Turris - Jets : 0 - Avalanche : 1.
1:28 of 1st period - Cody Hodgson wins face-off versus Dave Bolland in neutral zone.
1:34 of 1st period - Icing by Ron Hainsey.
1:35 of 1st period - Cody Hodgson wins face-off versus Dave Bolland in Jets zone.
1:35 of 1st period - Chris Stewart is hit by Johnny Oduya and loses puck.
1:39 of 1st period - Icing by Ron Hainsey.
1:40 of 1st period - Chris Stewart wins face-off versus Dave Bolland in Jets zone.
1:40 of 1st period - Michael Del Zotto is hit by Ron Hainsey and loses puck.
2:42 of 1st period - Icing by Milan Jurcina.
2:43 of 1st period - Kyle Turris wins face-off versus Henrik Sedin in Avalanche zone.
2:43 of 1st period - Kyle Turris is hit by Jamie Benn.
2:53 of 1st period - Shot by Brayden McNabb.
2:53 of 1st period - Stopped by Tim Thomas without a rebound.
2:54 of 1st period - Jordan Staal wins face-off versus Derek Stepan in Jets zone.
2:54 of 1st period - Jordan Staal is hit by Derek Stepan.
3:06 of 1st period - Shot by Jordan Staal.
3:06 of 1st period - Shot Misses the Net.
3:14 of 1st period - Shot by Erik Cole.
3:14 of 1st period - Stopped by Antti Niemi without a rebound.
3:15 of 1st period - Henrik Sedin wins face-off versus Marcus Johansson in Avalanche zone.
3:20 of 1st period - Shot by Jamie Benn.
3:20 of 1st period - Stopped by Antti Niemi with a rebound.
3:22 of 1st period - Shot by Henrik Sedin.
3:22 of 1st period - Goal by Henrik Sedin - Jets : 1 - Avalanche : 1.
3:23 of 1st period - Henrik Sedin wins face-off versus Teemu Selanne in neutral zone.
3:40 of 1st period - Shot by Kyle Turris.
3:40 of 1st period - Stopped by Tim Thomas without a rebound.
3:41 of 1st period - Cody Hodgson wins face-off versus Matt Cullen in Jets zone.
6:41 of 1st period - Minor Penalty to Derek MacKenzie for Goalie Interference.
6:42 of 1st period - Matt Cullen wins face-off versus Derek Stepan in Jets zone.
6:50 of 1st period - Icing by Michael Del Zotto.
6:51 of 1st period - Derek Stepan wins face-off versus Jordan Staal in Avalanche zone.
7:50 of 1st period - Shot by Teemu Selanne.
7:50 of 1st period - Stopped by Tim Thomas without a rebound.
7:51 of 1st period - Jordan Staal wins face-off versus Petr Sykora in Jets zone.
8:18 of 1st period - Shot by Teemu Selanne.
8:18 of 1st period - Stopped by Tim Thomas without a rebound.
8:19 of 1st period - Derek Stepan wins face-off versus Jordan Staal in Jets zone.
8:20 of 1st period - Shot by Marian Hossa.
8:20 of 1st period - Shot Blocked by Jason Garrison.
8:22 of 1st period - Shot by Michael Del Zotto.
8:22 of 1st period - Stopped by Tim Thomas without a rebound.
8:23 of 1st period - Jordan Staal wins face-off versus Derek Stepan in Jets zone.
8:53 of 1st period - Shot by Cody Hodgson.
8:53 of 1st period - Deflect By Brayden Schenn.
8:53 of 1st period - Stopped by Tim Thomas with a rebound.
9:01 of 1st period - Shot by Cody Hodgson.
9:01 of 1st period - Shot Misses the Net.
9:03 of 1st period - Shot by Brayden McNabb.
9:03 of 1st period - Stopped by Tim Thomas with a rebound.
9:05 of 1st period - Shot by Cody Hodgson.
9:05 of 1st period - Stopped by Tim Thomas with a rebound.
9:17 of 1st period - Shot by Chris Stewart.
9:17 of 1st period - Shot Blocked by Mark Giordano.
9:52 of 1st period - Shot by Marian Hossa.
9:52 of 1st period - Shot Misses the Net.
9:54 of 1st period - Shot by Michael Del Zotto.
9:54 of 1st period - Stopped by Tim Thomas without a rebound.
9:54 of 1st period - Minor Penalty to Tim Thomas for Delaying the game.
9:55 of 1st period - Jordan Staal wins face-off versus Kyle Turris in Jets zone.
10:53 of 1st period - Icing by Derek Stepan.
10:54 of 1st period - Derek Stepan wins face-off versus Jordan Staal in Avalanche zone.
11:53 of 1st period - Shot by Michael Del Zotto.
11:53 of 1st period - Stopped by Tim Thomas without a rebound.
11:54 of 1st period - Jordan Staal wins face-off versus Cody Hodgson in Jets zone.
12:08 of 1st period - Off-side.
12:09 of 1st period - Henrik Sedin wins face-off versus Cody Hodgson in neutral zone.
12:25 of 1st period - Shot by Henrik Sedin.
12:25 of 1st period - Stopped by Antti Niemi without a rebound.
12:26 of 1st period - Martin Erat wins face-off versus Kyle Turris in Avalanche zone.
12:44 of 1st period - Icing by Michael Del Zotto.
12:45 of 1st period - Henrik Sedin wins face-off versus Kyle Turris in Avalanche zone.
14:05 of 1st period - Shot by Jordan Staal.
14:05 of 1st period - Shot Misses the Net.
14:07 of 1st period - Shot by Erik Cole.
14:07 of 1st period - Stopped by Antti Niemi without a rebound.
14:08 of 1st period - Dave Bolland wins face-off versus Derek Stepan in Avalanche zone.
14:39 of 1st period - Shot by Marian Hossa.
14:39 of 1st period - Stopped by Tim Thomas without a rebound.
14:40 of 1st period - Jordan Staal wins face-off versus Cody Hodgson in Jets zone.
14:44 of 1st period - Ron Hainsey beats up Brayden McNabb.
14:44 of 1st period - Penalty to Brayden McNabb for Fighting.
14:44 of 1st period - Penalty to Ron Hainsey for Fighting.
14:45 of 1st period - Jordan Staal wins face-off versus Cody Hodgson in Jets zone.
15:24 of 1st period - Minor Penalty to Erik Cole for Hooking.
15:25 of 1st period - Jordan Staal wins face-off versus Derek Stepan in Jets zone.
15:54 of 1st period - Shot by Marian Hossa.
15:54 of 1st period - Goal by Marian Hossa - Jets : 1 - Avalanche : 2.
15:55 of 1st period - Henrik Sedin wins face-off versus Cody Hodgson in neutral zone.
16:37 of 1st period - Minor Penalty to Derek Stepan for Elbowing.
16:38 of 1st period - Teemu Selanne wins face-off versus Dave Bolland in Avalanche zone.
16:38 of 1st period - Teemu Selanne is hit by Derek MacKenzie.
16:47 of 1st period - Pascal Dupuis is hit by Matt Gilroy.
16:56 of 1st period - Pascal Dupuis is hit by Matt Gilroy and loses puck.
17:06 of 1st period - Pascal Dupuis is hit by Matt Gilroy and loses puck.
17:19 of 1st period - Shot by Dave Bolland.
17:19 of 1st period - Stopped by Antti Niemi without a rebound.
17:20 of 1st period - Martin Erat wins face-off versus Cody Hodgson in Avalanche zone.
18:21 of 1st period - Shot by Matt Moulson.
18:21 of 1st period - Stopped by Antti Niemi without a rebound.
18:22 of 1st period - Teemu Selanne wins face-off versus Matt Cullen in Avalanche zone.
18:28 of 1st period - Matt Gilroy is hit by James Wisniewski and loses puck.
18:40 of 1st period - Marian Hossa is hit by James Wisniewski and loses puck.
19:02 of 1st period - Minor Penalty to James Wisniewski for Hooking.
19:03 of 1st period - Jordan Staal wins face-off versus Derek Stepan in Jets zone.
19:09 of 1st period - Icing by Marcus Johansson.
19:10 of 1st period - Derek Stepan wins face-off versus Matt Cooke in Avalanche zone.
19:19 of 1st period - Shot by Marian Hossa.
19:19 of 1st period - Shot Misses the Net.

2nd period


0:01 of 2nd period - Matt Cooke wins face-off versus Petr Sykora in neutral zone.
0:20 of 2nd period - Shot by Michael Del Zotto.
0:20 of 2nd period - Stopped by Tim Thomas without a rebound.
0:21 of 2nd period - Jordan Staal wins face-off versus Derek Stepan in Jets zone.
1:27 of 2nd period - Shot by Henrik Sedin.
1:27 of 2nd period - Shot Misses the Net.
1:29 of 2nd period - Shot by Henrik Sedin.
1:29 of 2nd period - Shot Misses the Net.
1:31 of 2nd period - Shot by James Wisniewski.
1:31 of 2nd period - Shot Blocked by Brayden McNabb.
1:33 of 2nd period - Shot by James Wisniewski.
1:33 of 2nd period - Stopped by Antti Niemi without a rebound.
1:34 of 2nd period - Jordan Staal wins face-off versus Kyle Turris in Avalanche zone.
1:38 of 2nd period - Icing by John Carlson.
1:39 of 2nd period - Jordan Staal wins face-off versus Marcus Johansson in Avalanche zone.
2:33 of 2nd period - Shot by Marian Hossa.
2:33 of 2nd period - Deflect By Derek Stepan.
2:33 of 2nd period - Stopped by Tim Thomas without a rebound.
2:34 of 2nd period - Henrik Sedin wins face-off versus Cody Hodgson in Jets zone.
2:50 of 2nd period - Shot by Cody Hodgson.
2:50 of 2nd period - Stopped by Tim Thomas without a rebound.
2:51 of 2nd period - Dave Bolland wins face-off versus Derek Stepan in Jets zone.
3:34 of 2nd period - Pascal Dupuis is hit by Marian Hossa and loses puck.
4:22 of 2nd period - Icing by Kevin Shattenkirk.
4:23 of 2nd period - Jordan Staal wins face-off versus Kyle Turris in Avalanche zone.
4:27 of 2nd period - Minor Penalty to Jordan Staal for Roughing.
4:28 of 2nd period - Teemu Selanne wins face-off versus Matt Cullen in Jets zone.
4:50 of 2nd period - Minor Penalty to Jason Garrison for Tripping.
4:51 of 2nd period - Matt Cullen wins face-off versus Derek Stepan in Jets zone.
5:23 of 2nd period - Off-side.
5:24 of 2nd period - Kyle Turris wins face-off versus Dave Bolland in neutral zone.
5:35 of 2nd period - Shot by Teemu Selanne.
5:35 of 2nd period - Goal by Teemu Selanne - Jets : 1 - Avalanche : 3.
5:36 of 2nd period - Jordan Staal wins face-off versus Kyle Turris in neutral zone.
5:56 of 2nd period - Shot by Matt Gilroy.
5:56 of 2nd period - Stopped by Tim Thomas with a rebound.
5:58 of 2nd period - Shot by Matt Gilroy.
5:58 of 2nd period - Stopped by Tim Thomas with a rebound.
6:18 of 2nd period - Shot by Pascal Dupuis.
6:18 of 2nd period - Shot Misses the Net.
6:52 of 2nd period - Shot by Marian Hossa.
6:52 of 2nd period - Shot Misses the Net.
6:54 of 2nd period - Shot by Cody Hodgson.
6:54 of 2nd period - Shot Misses the Net.
6:56 of 2nd period - Shot by Brayden Schenn.
6:56 of 2nd period - Shot Misses the Net.
7:10 of 2nd period - Brayden Schenn is hit by Jason Garrison and loses puck.
7:38 of 2nd period - Brayden McNabb is hit by Jason Garrison and loses puck.
8:01 of 2nd period - Shot by Teemu Selanne.
8:01 of 2nd period - Shot Misses the Net.
8:03 of 2nd period - Shot by Michael Del Zotto.
8:03 of 2nd period - Stopped by Tim Thomas without a rebound.
8:04 of 2nd period - Jordan Staal wins face-off versus Derek Stepan in Jets zone.
8:25 of 2nd period - Shot by Erik Cole.
8:25 of 2nd period - Stopped by Antti Niemi without a rebound.
8:26 of 2nd period - Dave Bolland wins face-off versus Kyle Turris in Avalanche zone.
8:29 of 2nd period - Shot by Derek MacKenzie.
8:29 of 2nd period - Shot Misses the Net.
8:53 of 2nd period - Icing by Teemu Selanne.
8:54 of 2nd period - Teemu Selanne wins face-off versus Jordan Staal in Avalanche zone.
8:54 of 2nd period - Teemu Selanne is hit by Erik Cole.
9:52 of 2nd period - Shot by Petr Sykora.
9:52 of 2nd period - Deflect By Marian Hossa.
9:52 of 2nd period - Shot Misses the Net.
10:15 of 2nd period - Icing by Ron Hainsey.
10:16 of 2nd period - Henrik Sedin wins face-off versus Chris Stewart in Jets zone.
10:16 of 2nd period - Henrik Sedin is hit by Chris Stewart.
11:49 of 2nd period - Shot by Michael Del Zotto.
11:49 of 2nd period - Deflect By Marcus Johansson.
11:49 of 2nd period - Stopped by Tim Thomas without a rebound.
11:50 of 2nd period - Derek Stepan wins face-off versus Jordan Staal in Jets zone.
12:05 of 2nd period - Shot by Jordan Staal.
12:05 of 2nd period - Stopped by Antti Niemi with a rebound.
12:07 of 2nd period - Shot by Erik Cole.
12:07 of 2nd period - Shot Blocked by Marian Hossa.
12:09 of 2nd period - Shot by Martin Erat.
12:09 of 2nd period - Goal by Martin Erat - Jets : 2 - Avalanche : 3.
12:10 of 2nd period - Matt Cullen wins face-off versus Cody Hodgson in neutral zone.
12:14 of 2nd period - James Wisniewski is hit by Brayden McNabb and loses puck.
12:29 of 2nd period - Pascal Dupuis is hit by Milan Jurcina and loses puck.
12:45 of 2nd period - Pascal Dupuis is hit by Brayden McNabb and loses puck.
13:33 of 2nd period - Brayden McNabb is hit by Erik Cole and loses puck.
13:41 of 2nd period - Brayden McNabb is hit by Carlo Colaiacovo and loses puck.
13:51 of 2nd period - Icing by Martin Erat.
13:52 of 2nd period - Marian Hossa wins face-off versus Jordan Staal in Jets zone.
13:59 of 2nd period - Martin Erat is hit by Derek Stepan and loses puck.
14:09 of 2nd period - Petr Sykora is hit by Mark Giordano.
14:17 of 2nd period - Shot by Derek Stepan.
14:17 of 2nd period - Stopped by Tim Thomas without a rebound.
14:18 of 2nd period - Henrik Sedin wins face-off versus Kyle Turris in Jets zone.
14:18 of 2nd period - Henrik Sedin is hit by Marcus Johansson.
14:33 of 2nd period - Off-side.
14:34 of 2nd period - Derek Stepan wins face-off versus Dave Bolland in neutral zone.
14:38 of 2nd period - Off-side.
14:39 of 2nd period - Derek Stepan wins face-off versus Henrik Sedin in neutral zone.
14:47 of 2nd period - Petr Sykora is hit by Jason Garrison and loses puck.
14:59 of 2nd period - Icing by Jason Garrison.
15:00 of 2nd period - Henrik Sedin wins face-off versus Kyle Turris in Jets zone.
15:00 of 2nd period - Henrik Sedin is hit by Kyle Turris.
15:03 of 2nd period - James Wisniewski is hit by Marcus Johansson and loses puck.
15:09 of 2nd period - Off-side.
15:10 of 2nd period - Jordan Staal wins face-off versus Derek Stepan in neutral zone.
15:29 of 2nd period - Jordan Staal is hit by Derek Stepan and loses puck.
16:21 of 2nd period - Michael Del Zotto is hit by Martin Erat and loses puck.
16:39 of 2nd period - Marcus Johansson is hit by Ron Hainsey and loses puck.
17:12 of 2nd period - Minor Penalty to Chris Stewart for Hooking.
17:12 of 2nd period - Minor Penalty to Johnny Oduya for High sticking.
17:13 of 2nd period - Derek Stepan wins face-off versus Henrik Sedin in Jets zone.
17:18 of 2nd period - Shot by Teemu Selanne.
17:18 of 2nd period - Shot Blocked by Matt Moulson.
17:20 of 2nd period - Shot by Teemu Selanne.
17:20 of 2nd period - Stopped by Tim Thomas without a rebound.
17:21 of 2nd period - Henrik Sedin wins face-off versus Derek Stepan in Jets zone.
17:53 of 2nd period - Shot by Henrik Sedin.
17:53 of 2nd period - Stopped by Antti Niemi with a rebound.
18:05 of 2nd period - Shot by Jason Garrison.
18:05 of 2nd period - Shot Misses the Net.
18:07 of 2nd period - Shot by Jason Garrison.
18:07 of 2nd period - Shot Blocked by Brayden McNabb.
19:43 of 2nd period - Mark Giordano is hit by Michael Del Zotto and loses puck.
19:49 of 2nd period - Michael Del Zotto is hit by Matt Cooke and loses puck.

3rd period


0:01 of 3rd period - Henrik Sedin wins face-off versus Derek Stepan in neutral zone.
0:10 of 3rd period - Minor Penalty to Jamie Benn for Hooking.
0:11 of 3rd period - Jordan Staal wins face-off versus Kyle Turris in Jets zone.
0:19 of 3rd period - Icing by Matt Gilroy.
0:20 of 3rd period - Kyle Turris wins face-off versus Jordan Staal in Avalanche zone.
1:16 of 3rd period - Off-side.
1:17 of 3rd period - Dave Bolland wins face-off versus Derek Stepan in neutral zone.
1:44 of 3rd period - Shot by John Carlson.
1:44 of 3rd period - Shot Misses the Net.
1:46 of 3rd period - Shot by Kevin Shattenkirk.
1:46 of 3rd period - Shot Blocked by Mark Giordano.
1:48 of 3rd period - Shot by John Carlson.
1:48 of 3rd period - Stopped by Tim Thomas with a rebound.
1:50 of 3rd period - Shot by Marian Hossa.
1:50 of 3rd period - Shot Misses the Net.
1:52 of 3rd period - Shot by John Carlson.
1:52 of 3rd period - Stopped by Tim Thomas without a rebound.
1:53 of 3rd period - Matt Cooke wins face-off versus Kyle Turris in Jets zone.
2:16 of 3rd period - Off-side.
2:17 of 3rd period - Henrik Sedin wins face-off versus Cody Hodgson in neutral zone.
2:40 of 3rd period - Shot by Matt Moulson.
2:40 of 3rd period - Stopped by Antti Niemi without a rebound.
2:41 of 3rd period - Jordan Staal wins face-off versus Derek Stepan in Avalanche zone.
3:53 of 3rd period - Icing by Erik Cole.
3:54 of 3rd period - Jordan Staal wins face-off versus Cody Hodgson in Jets zone.
3:54 of 3rd period - Martin Erat is hit by Brayden Schenn and loses puck.
4:02 of 3rd period - Cody Hodgson is hit by Carlo Colaiacovo and loses puck.
4:57 of 3rd period - James Wisniewski is hit by Marcus Johansson and loses puck.
5:12 of 3rd period - Shot by Teemu Selanne.
5:12 of 3rd period - Shot Misses the Net.
5:14 of 3rd period - Shot by Teemu Selanne.
5:14 of 3rd period - Deflect By Kyle Turris.
5:14 of 3rd period - Stopped by Tim Thomas without a rebound.
5:15 of 3rd period - Dave Bolland wins face-off versus Derek Stepan in Jets zone.
5:22 of 3rd period - Shot by Ron Hainsey.
5:22 of 3rd period - Stopped by Antti Niemi without a rebound.
5:23 of 3rd period - Derek Stepan wins face-off versus Dave Bolland in Avalanche zone.
5:23 of 3rd period - Derek Stepan is hit by Derek MacKenzie.
5:44 of 3rd period - Michael Del Zotto is hit by Johnny Oduya and loses puck.
5:55 of 3rd period - Shot by Dave Bolland.
5:55 of 3rd period - Shot Misses the Net.
6:37 of 3rd period - Shot by Matt Moulson.
6:37 of 3rd period - Stopped by Antti Niemi with a rebound.
6:45 of 3rd period - Shot by Matt Moulson.
6:45 of 3rd period - Goal by Matt Moulson - Jets : 3 - Avalanche : 3.
6:46 of 3rd period - Cody Hodgson wins face-off versus Jordan Staal in neutral zone.
7:16 of 3rd period - Shot by Erik Cole.
7:16 of 3rd period - Stopped by Antti Niemi without a rebound.
7:17 of 3rd period - Kyle Turris wins face-off versus Pascal Dupuis in Avalanche zone.
7:57 of 3rd period - Icing by Teemu Selanne.
7:58 of 3rd period - Kyle Turris wins face-off versus Henrik Sedin in Avalanche zone.
7:58 of 3rd period - Teemu Selanne is hit by Jamie Benn and loses puck.
9:00 of 3rd period - Shot by Marian Hossa.
9:00 of 3rd period - Stopped by Tim Thomas with a rebound.
9:19 of 3rd period - Derek Stepan is hit by Jamie Benn and loses puck.
10:14 of 3rd period - Minor Penalty to Jamie Benn for Hooking.
10:15 of 3rd period - Kyle Turris wins face-off versus Jordan Staal in Jets zone.
10:38 of 3rd period - Shot by Kyle Turris.
10:38 of 3rd period - Shot Blocked by Ron Hainsey.
10:40 of 3rd period - Shot by Kyle Turris.
10:40 of 3rd period - Shot Misses the Net.
10:42 of 3rd period - Shot by Kyle Turris.
10:42 of 3rd period - Stopped by Tim Thomas without a rebound.
10:43 of 3rd period - Jordan Staal wins face-off versus Derek Stepan in Jets zone.
12:34 of 3rd period - Shot by Cody Hodgson.
12:34 of 3rd period - Deflect By Brayden Schenn.
12:34 of 3rd period - Stopped by Tim Thomas without a rebound.
12:35 of 3rd period - Pascal Dupuis wins face-off versus Cody Hodgson in Jets zone.
12:37 of 3rd period - Jason Garrison is hit by Ryan White and loses puck.
12:41 of 3rd period - Minor Penalty to Ryan White for Tripping.
12:42 of 3rd period - Jordan Staal wins face-off versus Marian Hossa in Avalanche zone.
14:08 of 3rd period - Shot by James Wisniewski.
14:08 of 3rd period - Deflect By Erik Cole.
14:08 of 3rd period - Shot Misses the Net.
14:53 of 3rd period - Icing by Dave Bolland.
14:54 of 3rd period - Cody Hodgson wins face-off versus Dave Bolland in Jets zone.
15:02 of 3rd period - Pascal Dupuis is hit by Brayden McNabb and loses puck.
15:06 of 3rd period - Icing by Milan Jurcina.
15:07 of 3rd period - Jordan Staal wins face-off versus Cody Hodgson in Avalanche zone.
15:07 of 3rd period - Jordan Staal is hit by Milan Jurcina.
15:22 of 3rd period - Martin Erat is hit by Brayden McNabb and loses puck.
15:35 of 3rd period - Shot by Ryan White.
15:35 of 3rd period - Stopped by Tim Thomas without a rebound.
15:36 of 3rd period - Derek Stepan wins face-off versus Henrik Sedin in Jets zone.
15:59 of 3rd period - Shot by Matt Moulson.
15:59 of 3rd period - Shot Blocked by Kevin Shattenkirk.
15:59 of 3rd period - Kevin Shattenkirk from Avalanche is injured at 15:59 of 3rd period (Upper Body).
16:00 of 3rd period - Pascal Dupuis wins face-off versus Kyle Turris in Avalanche zone.
16:04 of 3rd period - Dave Bolland is hit by John Carlson and loses puck.
16:10 of 3rd period - Icing by Matt Gilroy.
16:11 of 3rd period - Jordan Staal wins face-off versus Kyle Turris in Avalanche zone.
16:35 of 3rd period - Jordan Staal is hit by Teemu Selanne and loses puck.
16:42 of 3rd period - Shot by Teemu Selanne.
16:42 of 3rd period - Shot Misses the Net.
16:47 of 3rd period - Minor Penalty to Marcus Johansson for Tripping.
16:47 of 3rd period - Minor Penalty to Jason Garrison for Tripping.
16:48 of 3rd period - Derek Stepan wins face-off versus Henrik Sedin in Jets zone.
17:23 of 3rd period - Icing by Matt Gilroy.
17:24 of 3rd period - Derek Stepan wins face-off versus Henrik Sedin in Avalanche zone.
17:41 of 3rd period - Shot by Matt Moulson.
17:41 of 3rd period - Shot Misses the Net.
17:43 of 3rd period - Shot by James Wisniewski.
17:43 of 3rd period - Shot Misses the Net.
17:45 of 3rd period - Shot by Henrik Sedin.
17:45 of 3rd period - Stopped by Antti Niemi without a rebound.
17:46 of 3rd period - Martin Erat wins face-off versus Kyle Turris in Avalanche zone.
17:47 of 3rd period - Shot by Jordan Staal.
17:47 of 3rd period - Stopped by Antti Niemi without a rebound.
17:48 of 3rd period - Kyle Turris wins face-off versus Henrik Sedin in Avalanche zone.
18:23 of 3rd period - Brayden McNabb is hit by Carlo Colaiacovo and loses puck.
18:56 of 3rd period - Shot by Cody Hodgson.
18:56 of 3rd period - Shot Misses the Net.
18:58 of 3rd period - Shot by Cody Hodgson.
18:58 of 3rd period - Stopped by Tim Thomas without a rebound.
18:59 of 3rd period - Jordan Staal wins face-off versus Cody Hodgson in Jets zone.
19:12 of 3rd period - Shot by Erik Cole.
19:12 of 3rd period - Stopped by Antti Niemi without a rebound.
19:13 of 3rd period - Derek Stepan wins face-off versus Derek MacKenzie in Avalanche zone.
19:13 of 3rd period - Michael Del Zotto is hit by Derek MacKenzie and loses puck.
19:21 of 3rd period - Marian Hossa is hit by Derek MacKenzie and loses puck.
19:42 of 3rd period - Shot by Pascal Dupuis.
19:42 of 3rd period - Shot Misses the Net.
19:52 of 3rd period - Shot by Pascal Dupuis.
19:52 of 3rd period - Stopped by Antti Niemi without a rebound.
19:53 of 3rd period - Kyle Turris wins face-off versus Jordan Staal in Avalanche zone.
19:53 of 3rd period - Kyle Turris is hit by Jordan Staal.

Overtime #1


0:01 of 1st overtime period - Jordan Staal wins face-off versus Derek Stepan in neutral zone.
0:10 of 1st overtime period - Shot by Jordan Staal.
0:10 of 1st overtime period - Stopped by Antti Niemi without a rebound.
0:11 of 1st overtime period - Henrik Sedin wins face-off versus Kyle Turris in Avalanche zone.
0:11 of 1st overtime period - Henrik Sedin is hit by Michael Del Zotto.
0:13 of 1st overtime period - Shot by Matt Moulson.
0:13 of 1st overtime period - Stopped by Antti Niemi without a rebound.
0:14 of 1st overtime period - Derek Stepan wins face-off versus Jordan Staal in Avalanche zone.
0:28 of 1st overtime period - Derek Stepan is hit by Jordan Staal and loses puck.
0:29 of 1st overtime period - Minor Penalty to Erik Cole for Cross-checking.
0:30 of 1st overtime period - Jordan Staal wins face-off versus Kyle Turris in Jets zone.
0:39 of 1st overtime period - Shot by Michael Del Zotto.
0:39 of 1st overtime period - Stopped by Tim Thomas without a rebound.
0:40 of 1st overtime period - Derek Stepan wins face-off versus Jordan Staal in Jets zone.
0:57 of 1st overtime period - Shot by Matt Cooke.
0:57 of 1st overtime period - Stopped by Antti Niemi without a rebound.
0:58 of 1st overtime period - Kyle Turris wins face-off versus Jordan Staal in Avalanche zone.
0:58 of 1st overtime period - Kyle Turris is hit by Jordan Staal.
1:12 of 1st overtime period - Shot by Teemu Selanne.
1:12 of 1st overtime period - Shot Blocked by Jason Garrison.
1:14 of 1st overtime period - Shot by Michael Del Zotto.
1:14 of 1st overtime period - Shot Misses the Net.
1:26 of 1st overtime period - Shot by Petr Sykora.
1:26 of 1st overtime period - Shot Misses the Net.
1:28 of 1st overtime period - Shot by Teemu Selanne.
1:28 of 1st overtime period - Shot Misses the Net.
1:30 of 1st overtime period - Shot by Kyle Turris.
1:30 of 1st overtime period - Shot Misses the Net.
1:32 of 1st overtime period - Shot by Teemu Selanne.
1:32 of 1st overtime period - Shot Blocked by Ron Hainsey.
1:34 of 1st overtime period - Shot by Michael Del Zotto.
1:34 of 1st overtime period - Shot Misses the Net.
2:00 of 1st overtime period - Icing by Brayden McNabb.
2:01 of 1st overtime period - Derek Stepan wins face-off versus Dave Bolland in Avalanche zone.
2:17 of 1st overtime period - Icing by Marian Hossa.
2:18 of 1st overtime period - Jordan Staal wins face-off versus Derek Stepan in Avalanche zone.
2:45 of 1st overtime period - Shot by Henrik Sedin.
2:45 of 1st overtime period - Stopped by Antti Niemi with a rebound.
3:36 of 1st overtime period - Shot by Pascal Dupuis.
3:36 of 1st overtime period - Stopped by Antti Niemi without a rebound.
3:37 of 1st overtime period - Kyle Turris wins face-off versus Jordan Staal in Avalanche zone.
3:50 of 1st overtime period - Shot by Kyle Turris.
3:50 of 1st overtime period - Shot Misses the Net.
4:02 of 1st overtime period - Shot by Teemu Selanne.
4:02 of 1st overtime period - Shot Misses the Net.
4:04 of 1st overtime period - Shot by Teemu Selanne.
4:04 of 1st overtime period - Shot Misses the Net.
4:31 of 1st overtime period - Derek Stepan is hit by Jason Garrison and loses puck.
4:39 of 1st overtime period - Icing by James Wisniewski.
4:40 of 1st overtime period - Dave Bolland wins face-off versus Cody Hodgson in Jets zone.
4:40 of 1st overtime period - Dave Bolland is hit by Brayden Schenn.
4:55 of 1st overtime period - Off-side.
4:56 of 1st overtime period - Derek Stepan wins face-off versus Henrik Sedin in neutral zone.
5:01 of 1st overtime period - Icing by Carlo Colaiacovo.
5:02 of 1st overtime period - Henrik Sedin wins face-off versus Derek Stepan in Jets zone.
5:10 of 1st overtime period - Minor Penalty to Jamie Benn for Goalie Interference.
5:11 of 1st overtime period - Jordan Staal wins face-off versus Marcus Johansson in Jets zone.
5:19 of 1st overtime period - Icing by Derek Stepan.
5:20 of 1st overtime period - Jordan Staal wins face-off versus Derek Stepan in Avalanche zone.
5:42 of 1st overtime period - Icing by Brayden McNabb.
5:43 of 1st overtime period - Jordan Staal wins face-off versus Derek Stepan in Avalanche zone.
7:27 of 1st overtime period - Shot by Brayden Schenn.
7:27 of 1st overtime period - Shot Misses the Net.
8:09 of 1st overtime period - Shot by Matt Halischuk.
8:09 of 1st overtime period - Stopped by Tim Thomas without a rebound.
8:10 of 1st overtime period - Dave Bolland wins face-off versus Kyle Turris in Jets zone.
8:10 of 1st overtime period - Dave Bolland is hit by Kyle Turris.
8:15 of 1st overtime period - Pascal Dupuis is hit by Milan Jurcina and loses puck.
8:34 of 1st overtime period - Shot by Teemu Selanne.
8:34 of 1st overtime period - Shot Misses the Net.
9:20 of 1st overtime period - Shot by Jordan Staal.
9:20 of 1st overtime period - Deflect By Martin Erat.
9:20 of 1st overtime period - Shot Blocked by Derek Stepan.
9:24 of 1st overtime period - Shot by Jordan Staal.
9:24 of 1st overtime period - Shot Misses the Net.
9:26 of 1st overtime period - Shot by Jordan Staal.
9:26 of 1st overtime period - Shot Blocked by John Carlson.
9:28 of 1st overtime period - Shot by Martin Erat.
9:28 of 1st overtime period - Shot Misses the Net.
9:36 of 1st overtime period - Shot by Martin Erat.
9:36 of 1st overtime period - Stopped by Antti Niemi without a rebound.
9:37 of 1st overtime period - Cody Hodgson wins face-off versus Henrik Sedin in Avalanche zone.
9:37 of 1st overtime period - Cody Hodgson is hit by Jamie Benn.
10:35 of 1st overtime period - Johnny Oduya is hit by Michael Del Zotto and loses puck.
11:12 of 1st overtime period - Shot by Kyle Turris.
11:12 of 1st overtime period - Stopped by Tim Thomas without a rebound.
11:13 of 1st overtime period - Jordan Staal wins face-off versus Derek Stepan in Jets zone.
11:13 of 1st overtime period - Carlo Colaiacovo is hit by Petr Sykora and loses puck.
12:22 of 1st overtime period - Shot by Teemu Selanne.
12:22 of 1st overtime period - Deflect By Marcus Johansson.
12:22 of 1st overtime period - Stopped by Tim Thomas without a rebound.
12:23 of 1st overtime period - Henrik Sedin wins face-off versus Cody Hodgson in Jets zone.
12:57 of 1st overtime period - Shot by Matt Moulson.
12:57 of 1st overtime period - Shot Blocked by Milan Jurcina.
12:59 of 1st overtime period - Shot by Jason Garrison.
12:59 of 1st overtime period - Shot Misses the Net.
13:32 of 1st overtime period - Derek Stepan is hit by Johnny Oduya and loses puck.
13:52 of 1st overtime period - Marian Hossa is hit by Ron Hainsey and loses puck.
14:24 of 1st overtime period - Shot by Kyle Turris.
14:24 of 1st overtime period - Shot Blocked by Carlo Colaiacovo.
14:26 of 1st overtime period - Shot by John Carlson.
14:26 of 1st overtime period - Shot Blocked by Carlo Colaiacovo.
14:40 of 1st overtime period - Shot by Kyle Turris.
14:40 of 1st overtime period - Shot Misses the Net.
14:42 of 1st overtime period - Shot by Teemu Selanne.
14:42 of 1st overtime period - Shot Misses the Net.
14:44 of 1st overtime period - Shot by Brayden Schenn.
14:44 of 1st overtime period - Shot Misses the Net.
15:24 of 1st overtime period - Michael Del Zotto is hit by Jamie Benn and loses puck.
16:44 of 1st overtime period - Icing by Matt Cullen.
16:45 of 1st overtime period - Kyle Turris wins face-off versus Matt Cullen in Jets zone.
17:08 of 1st overtime period - Shot by Jordan Staal.
17:08 of 1st overtime period - Shot Misses the Net.
17:15 of 1st overtime period - Jordan Staal is hit by Milan Jurcina and loses puck.
18:16 of 1st overtime period - Shot by Matt Halischuk.
18:16 of 1st overtime period - Shot Misses the Net.
18:18 of 1st overtime period - Shot by Matt Halischuk.
18:18 of 1st overtime period - Shot Misses the Net.
18:20 of 1st overtime period - Shot by Ryan White.
18:20 of 1st overtime period - Stopped by Tim Thomas without a rebound.
18:21 of 1st overtime period - Derek Stepan wins face-off versus Dave Bolland in Jets zone.
18:22 of 1st overtime period - Shot by Marian Hossa.
18:22 of 1st overtime period - Shot Misses the Net.
18:24 of 1st overtime period - Shot by Michael Del Zotto.
18:24 of 1st overtime period - Stopped by Tim Thomas without a rebound.
18:25 of 1st overtime period - Dave Bolland wins face-off versus Derek Stepan in Jets zone.
18:43 of 1st overtime period - Shot by Derek Stepan.
18:43 of 1st overtime period - Shot Blocked by Jason Garrison.
18:59 of 1st overtime period - Shot by Marian Hossa.
18:59 of 1st overtime period - Stopped by Tim Thomas without a rebound.
19:00 of 1st overtime period - Ryan White wins face-off versus Jordan Staal in Jets zone.
19:11 of 1st overtime period - Shot by Jordan Staal.
19:11 of 1st overtime period - Stopped by Antti Niemi with a rebound.
19:13 of 1st overtime period - Shot by Erik Cole.
19:13 of 1st overtime period - Shot Blocked by Brayden McNabb.
19:15 of 1st overtime period - Shot by Jordan Staal.
19:15 of 1st overtime period - Stopped by Antti Niemi without a rebound.
19:16 of 1st overtime period - Henrik Sedin wins face-off versus Kyle Turris in Avalanche zone.
19:31 of 1st overtime period - Shot by Matt Moulson.
19:31 of 1st overtime period - Deflect By Henrik Sedin.
19:31 of 1st overtime period - Stopped by Antti Niemi without a rebound.
19:32 of 1st overtime period - Jordan Staal wins face-off versus Derek Stepan in Avalanche zone.
19:35 of 1st overtime period - Shot by Jordan Staal.
19:35 of 1st overtime period - Shot Misses the Net.
19:45 of 1st overtime period - Shot by Martin Erat.
19:45 of 1st overtime period - Shot Blocked by Matt Gilroy.
19:47 of 1st overtime period - Shot by Erik Cole.
19:47 of 1st overtime period - Shot Blocked by Derek Stepan.
19:51 of 1st overtime period - Shot by Martin Erat.
19:51 of 1st overtime period - Shot Blocked by Michael Del Zotto.
19:59 of 1st overtime period - Jason Garrison is hit by Derek Stepan and loses puck.

Overtime #2


0:01 of 2nd overtime period - Derek Stepan wins face-off versus Erik Cole in neutral zone.
0:23 of 2nd overtime period - Shot by Matt Gilroy.
0:23 of 2nd overtime period - Stopped by Tim Thomas without a rebound.
0:24 of 2nd overtime period - Kyle Turris wins face-off versus Henrik Sedin in Jets zone.
0:30 of 2nd overtime period - Off-side.
0:31 of 2nd overtime period - Kyle Turris wins face-off versus Henrik Sedin in neutral zone.
0:31 of 2nd overtime period - Marcus Johansson is hit by Jamie Benn and loses puck.
0:53 of 2nd overtime period - Kyle Turris is hit by Jason Garrison.
1:02 of 2nd overtime period - Teemu Selanne is hit by James Wisniewski and loses puck.
1:08 of 2nd overtime period - Teemu Selanne is hit by James Wisniewski and loses puck.
1:42 of 2nd overtime period - Minor Penalty to Jason Garrison for Hooking.
1:43 of 2nd overtime period - Matt Cooke wins face-off versus Derek Stepan in Jets zone.
2:04 of 2nd overtime period - Shot by Michael Del Zotto.
2:04 of 2nd overtime period - Stopped by Tim Thomas with a rebound.
2:06 of 2nd overtime period - Shot by Michael Del Zotto.
2:06 of 2nd overtime period - Stopped by Tim Thomas without a rebound.
2:07 of 2nd overtime period - Kyle Turris wins face-off versus Jordan Staal in Jets zone.
3:19 of 2nd overtime period - Shot by Michael Del Zotto.
3:19 of 2nd overtime period - Shot Misses the Net.
3:56 of 2nd overtime period - Shot by Matt Moulson.
3:56 of 2nd overtime period - Stopped by Antti Niemi without a rebound.
3:57 of 2nd overtime period - Dave Bolland wins face-off versus Cody Hodgson in Avalanche zone.
5:12 of 2nd overtime period - Off-side.
5:13 of 2nd overtime period - Kyle Turris wins face-off versus Erik Cole in neutral zone.
5:15 of 2nd overtime period - Marcus Johansson is hit by Johnny Oduya and loses puck.
5:20 of 2nd overtime period - Shot by Marcus Johansson.
5:20 of 2nd overtime period - Shot Blocked by Ron Hainsey.
5:25 of 2nd overtime period - Icing by Ron Hainsey.
5:26 of 2nd overtime period - Jordan Staal wins face-off versus Cody Hodgson in Jets zone.
5:35 of 2nd overtime period - Shot by Erik Cole.
5:35 of 2nd overtime period - Shot Misses the Net.
7:33 of 2nd overtime period - Shot by Dave Bolland.
7:33 of 2nd overtime period - Goal by Dave Bolland - Jets : 4 - Avalanche : 3.


Output by the SimonT Hockey Simulator (STHS) for Stephane Roy -- Original Page W3C XHTML 1.0 Valid
Hockey Simulator - Hockey Simulation - Hockey Manager